[Event "*** Titled Tuesday Blitz"]
[Site "Chess.com"]
[Date "2021.04.20"]
[Round "4"]
[White "WinstonSilvakov"]
[Black "VladimirBugayev"]
[Result "0-1"]
[WhiteElo "2086"]
[BlackElo "2260"]
[TimeControl "180+1"]
[EndTime "10:37:42 PDT"]
[Termination "VladimirBugayev won by resignation"]

1. d4 Nf6 2. e3 d5 3. Bd3 c5 4. c3 Nc6 5. f4 Bg4 6. Nf3 e6 7. Nbd2 c4 8. Bc2 Bf5 9. O-O b5 10. Ne5 Qc7 11. g4 Bxc2 12. Qxc2 Nxe5 13. fxe5 Nxg4 14. Nf3 f5 15. exf6 gxf6 16. e4 Rg8 17.
Kh1 Bd6 18. exd5 exd5 19. h3 Qg7 20. Rg1 h5 21. hxg4 hxg4 22. Nh2 O-O-O 23. Qf5+ Kc7 24. Bf4 g3 25. Bxd6+ Rxd6 26. Rg2 Rh8 27. Rag1 Qh6 28. Re2 Qxh2+ 0-1

[Event "*** Titled Tuesday Blitz"]
[Site "Chess.com"]
[Date "2021.04.20"]
[Round "4"]
[White "vovachesss"]
[Black "DamianoLew95"]
[Result "0-1"]
[WhiteElo "2691"]
[BlackElo "2518"]
[TimeControl "180+1"]
[EndTime "10:37:45 PDT"]
[Termination "DamianoLew95 won on time"]

1. e4 c5 2. c3 d5 3. exd5 Qxd5 4. d4 Nc6 5. Nf3 Nf6 6. Be2 cxd4 7. cxd4 Bg4 8. O-O e6 9. Nc3 Qa5 10. h3 Bh5 11. Be3 Be7 12. a3 O-O 13. b4 Qd8 14. b5 Na5 15. Ne5 Bxe2 16. Qxe2 Rc8 17. Na4 Nb3 18. Rad1 Qa5 19. Nb2 Qxa3 20. Nbc4 Qa4 21. b6 a6 22. Rb1 Rfd8 23. Qb2 Na5 24. Nd2 Rc2 25. Qa1 Qxa1 26. Rxa1 Nc6 27. Nxc6 Rxc6 28.
Rfb1 Nd5 29. Nb3 Rxb6 30. Na5 Rxb1+ 31. Rxb1 b6 32. Nc6 Rd7 33. Ra1 a5 34. Rc1 f6 0-1

[Event "*** Titled Tuesday Blitz"]
[Site "Chess.com"]
[Date "2021.04.20"]
[Round "4"]
[White "AlphaHero0"]
[Black "AlexSuv"]
[Result "0-1"]
[WhiteElo "2107"]
[BlackElo "2586"]
[TimeControl "180+1"]
[EndTime "10:37:45 PDT"]
[Termination "AlexSuv won on time"]

1. e4 c5 2. Nf3 e6 3. b4 cxb4 4. d4 Nf6 5. Bd3 d5 6. e5 Ne4 7. O-O Nc6 8. Re1 b6 9. Bxe4 dxe4 10.
Rxe4 Bb7 11. Rg4 Ne7 12. Be3 Nf5 13. c4 bxc3 14. Nxc3 Qd7 15. Rc1 Rc8 16. Ne4 Rxc1 17. Qxc1 Be7 18. Bg5 Bxg5 19. Nexg5 h6 20. Ne4 Bxe4 21.
Rxe4 O-O 22. g4 Ne7 23. g5 Nf5 24. gxh6 gxh6 25. Rg4+ Kh8 26. h3 Rg8 27. Qf4 Qd5 28.
Kh2 Qxa2 29. Nh4 Rxg4 30. hxg4 Nxh4 31. Qxh6+ Kg8 32. Qxh4 Qd2 33. Qd8+ Kh7 34. Qh4+ Qh6 0-1

[Event "*** Titled Tuesday Blitz"]
[Site "Chess.com"]
[Date "2021.04.20"]
[Round "4"]
[White "tteshan"]
[Black "JoseRemolar"]
[Result "1-0"]
[WhiteElo "2259"]
[BlackElo "2415"]
[TimeControl "180+1"]
[EndTime "10:37:45 PDT"]
[Termination "tteshan won on time"]

1. d4 Nf6 2. c4 g6 3. Nc3 d6 4. e4 Bg7 5. Be2 O-O 6. Bg5 Na6 7. Qd2 c6 8. h4 h5 9. f3 Nc7 10. O-O-O Rb8 11. Nh3 Bxh3 12. Rxh3 b5 13. cxb5 cxb5 14. Rg1 b4 15. Nd1 Ne6 16. Be3 Qa5 17. Kb1 Rfc8 18. Nf2 Rc3 19. g4 hxg4 20. fxg4 d5 21. e5 Ne4 22. Nxe4 dxe4 23. h5 Qd5 24. hxg6 fxg6 25.
Rgh1 Rc7 26. Bh6 Qxd4 27. Qxd4 Nxd4 28. Bxg7 Kxg7 29. Rh7+ Kf8 30. Rh8+ Kf7 31. Rxb8 Nxe2 32. Re1 Ng3 33. Rxb4 Ke6 34. Rb3 e3 35. Rbxe3 1-0

[Event "*** Titled Tuesday Blitz"]
[Site "Chess.com"]
[Date "2021.04.20"]
[Round "4"]
[White "suyu28"]
[Black "Piotrek1979"]
[Result "1/2-1/2"]
[WhiteElo "2606"]
[BlackElo "2407"]
[TimeControl "180+1"]
[EndTime "10:37:46 PDT"]
[Termination "Game drawn by repetition"]

1. e4 c6 2. d4 d5 3. e5 Bf5 4. Nf3 e6 5. Be2 Ne7 6. O-O Nd7 7. c4 dxc4 8. Bxc4 Nd5 9. Nc3 Be7 10. h3 O-O 11. Re1 Nxc3 12. bxc3 c5 13. Qe2 Nb6 14. Bb3 Rc8 15. dxc5 Bxc5 16. Rd1 Qc7 17. Nh4 Bg6 18.
Nxg6 hxg6 19. a4 Rfd8 20. Bg5 Be7 21. Bxe7 Qxe7 22. a5 Nd7 23. Qb5 Nc5 24. Bc2 Qc7 25.
Qe2 Rxd1+ 26. Rxd1 Rd8 27. Rd4 Qxa5 28. Qc4 Rxd4 29.
cxd4 Qe1+ 30. Kh2 Ne4 31. Qc8+ Kh7 32. Qxb7 Nxf2 33. Qxf7 Ne4 34. Qf3 Nd2 35. Qh5+ Kg8 36. Qxg6 Nf1+ 37. Kg1 Ne3+ 38. Kh2 Nf1+ 39. Kg1 Ng3+ 40.
Kh2 Nf1+ 1/2-1/2

[Event "*** Titled Tuesday Blitz"]
[Site "Chess.com"]
[Date "2021.04.20"]
[Round "4"]
[White "SchmakAttack"]
[Black "starplatinum2030"]
[Result "1-0"]
[WhiteElo "2605"]
[BlackElo "2268"]
[TimeControl "180+1"]
[EndTime "10:37:46 PDT"]
[Termination "SchmakAttack won by resignation"]

1. Nf3 Nf6 2. c4 e6 3. g3 d5 4. Bg2 Be7 5. O-O O-O 6. b3 c5 7.
Bb2 Nc6 8. e3 b6 9. d4 Bb7 10. Nbd2 Rc8 11. Qe2 Qc7 12. Rac1 Qb8 13.
Rfd1 Rfd8 14. dxc5 bxc5 15. cxd5 exd5 16. Bxf6 gxf6 17.
Nh4 Ne5 18. Nf5 Bf8 19. e4 d4 20. Nc4 Ba6 21. f4 Bxc4 22. bxc4 Ng6 23. Rb1 Qc7 24. e5 Re8 25. Rb7 Qd8 26. Bd5 Rc7 27. Rdb1 fxe5 28.
Rxc7 Qxc7 29. Rb7 Qc8 30. Rxf7 Re6 31. Rf6 Qb8 32. Rxe6 Qb1+ 33. Qf1 Qxf5 34. Rf6+ 1-0

[Event "*** Titled Tuesday Blitz"]
[Site "Chess.com"]
[Date "2021.04.20"]
[Round "4"]
[White "Superfelix"]
[Black "AndrewMaco"]
[Result "1/2-1/2"]
[WhiteElo "2459"]
[BlackElo "2663"]
[TimeControl "180+1"]
[EndTime "10:37:46 PDT"]
[Termination "Game drawn by repetition"]

1. e4 c5 2. Nf3 d6 3. d4 cxd4 4. Nxd4 Nf6 5. f3 e5 6. Bb5+ Nbd7 7. Nf5 d5 8. exd5 a6 9. Bxd7+ Qxd7 10. Ne3 b5 11.
O-O Bb7 12. a4 Nxd5 13. axb5 axb5 14. Rxa8+ Bxa8 15. Nxd5 Qxd5 16. Qxd5 Bxd5 17. Re1 f6 18. Nc3 Bc6 19. f4 b4 20. Ne4 exf4 21. Bxf4 Kf7 22. Bd6 Kg6 23. Bxf8 Rxf8 24. Nc5 Rc8 25. Nd3 Rb8 26.
Re6 Bd5 27. Rd6 Be4 28. Rd4 Bxd3 29. Rxd3 Rc8 30. Rd2 Kf5 31. Kf2 Ke4 32. Re2+ Kf4 33. Rd2 h5 34. Rd4+ Ke5 35. Rxb4 Rxc2+ 36. Kf3 g5 37. h3 Rc1 38. Rb5+ Ke6 39. Rb6+ Kf7 40. b4 Kg6 41. b5 Kf5 42. g4+ hxg4+ 43. hxg4+ Ke5 44. Rb8 Rc3+ 45. Ke2 Rb3 46. b6 Kf4 47. b7 Kxg4 48. Rf8 Rxb7 49. Rxf6 Kg3 50. Rf3+ Kh2 51.
Kf2 Rb2+ 52. Kf1 Rb4 53. Rf8 Rh4 54. Kf2 g4 55. Rg8 Kh3 56. Kg1 Rh7 57. Rc8 Re7 58.
Rc1 Re2 59. Rd1 g3 60. Rc1 Rd2 61. Rb1 Re2 62. Rc1 Rd2 63. Rb1 Re2 64. Rc1 1/2-1/2

[Event "*** Titled Tuesday Blitz"]
[Site "Chess.com"]
[Date "2021.04.20"]
[Round "4"]
[White "ferch1ni"]
[Black "AndreyNeves"]
[Result "1-0"]
[WhiteElo "2432"]
[BlackElo "2235"]
[TimeControl "180+1"]
[EndTime "10:37:46 PDT"]
[Termination "ferch1ni won on time"]

1. e4 e5 2. Nf3 Nc6 3. Bb5 a6 4.
Ba4 Nf6 5. O-O b5 6. Bb3 Bb7 7. d4 exd4 8. e5 Ne4 9. Nxd4 Nxd4 10. Qxd4 Bc5 11. Qd3 O-O 12. Be3 d5 13. exd6 Bxd6 14. Nd2 Qh4 15. g3 Nxg3 16. fxg3 Bxg3 17. Qe2 Rae8 18.
Nf3 Rxe3 19. Qxe3 Bxf3 20. Rxf3 Qxh2+ 21. Kf1 Qh1+ 22. Ke2 Qg2+ 23. Kd3 Rd8+ 24. Kc3 Be5+ 25. Kb4 a5+ 26. Kxa5 Qg6 27. Bxf7+ Qxf7 28. Rxf7 Kxf7 29. Qxe5 1-0

[Event "*** Titled Tuesday Blitz"]
[Site "Chess.com"]
[Date "2021.04.20"]
[Round "4"]
[White "BL4D3RUNN3R"]
[Black "eCztery"]
[Result "0-1"]
[WhiteElo "2115"]
[BlackElo "2393"]
[TimeControl "180+1"]
[EndTime "10:37:46 PDT"]
[Termination "eCztery won by checkmate"]

1. Nf3 g6 2. d4 Nf6 3. c4 Bg7 4. g3 d5 5. cxd5 Nxd5 6. Bg2 O-O 7. e4 Nb6 8. h3 c5 9. d5 e6 10. Nc3 exd5 11. exd5 Re8+ 12. Be3 Nc4 13. O-O Rxe3 14.
fxe3 Nxe3 15. Qd2 Nxf1 16. Rxf1 Nd7 17. Qf4 Qf6 18. Qc7 Qb6 19. Qf4 Qxb2 20. Ne4 Ne5 21.
Nxe5 Qxe5 22. Qxf7+ Kh8 23. Nxc5 Bf5 24. Ne6 Bh6 25. g4 Bxe6 26. dxe6 Rf8 27. Qxb7 Qxe6 28. Rxf8+ Bxf8 29. Bd5 Bc5+ 30. Kf1 Qf6+ 31. Bf3 Qa1+ 32.
Kg2 Qg1# 0-1

[Event "*** Titled Tuesday Blitz"]
[Site "Chess.com"]
[Date "2021.04.20"]
[Round "4"]
[White "Murad_Ibrahimli"]
[Black "sara_khm"]
[Result "1-0"]
[WhiteElo "2738"]
[BlackElo "2524"]
[TimeControl "180+1"]
[EndTime "10:37:47 PDT"]
[Termination "Murad_Ibrahimli won by resignation"]

1. Nf3 Nf6 2. b4 d5 3. Bb2 g6 4. e3 Bg7 5. Be2 O-O 6. O-O c6 7. c4 dxc4 8. Bxc4 Nbd7 9. Nc3 Nb6 10. Bb3 Nfd5 11. a3 Bg4 12. Rc1 Nxc3 13. Bxc3 Bxf3 14. Qxf3 Bxc3 15. dxc3 Qc7 16. h4 h5 17. c4 c5 18.
Rfd1 Nd7 19. Rd5 b6 20. b5 Nf6 21. Rd2 Ng4 22. g3 Rad8 23. Rcd1 Rxd2 24. Rxd2 Rd8 25.
Qc6 Qb8 26. Rd7 Rxd7 27. Qxd7 Qe5 28. Bd1 Qa1 29. Kg2 Nf6 30. Qxe7 Kg7 31. Bf3 Qxa3 32. e4 Qc3 33. e5 Ng8 34. Qxa7 Qxc4 35. Qxb6 Ne7 36.
Qd6 Nf5 37. Qd7 Qa2 38. e6 Ne3+ 39. Kg1 Qb1+ 40. Kh2 Nf1+ 41. Kg2 Qxb5 42. Qxb5 1-0

[Event "*** Titled Tuesday Blitz"]
[Site "Chess.com"]
[Date "2021.04.20"]
[Round "4"]
[White "queen_iryna"]
[Black "Lion-Al-Messi"]
[Result "1-0"]
[WhiteElo "2348"]
[BlackElo "2480"]
[TimeControl "180+1"]
[EndTime "10:37:47 PDT"]
[Termination "queen_iryna won on time"]

1. e4 e5 2. Nf3 Nc6 3. Bc4 d6 4. O-O Be6 5. Bxe6 fxe6 6. d4 Nf6 7. dxe5 dxe5 8. Nc3 Bd6 9. h3 Qd7 10. Be3 h6 11.
Qe2 g5 12. Nh2 O-O-O 13. Rad1 Rdg8 14. Nb5 h5 15. c4 g4 16. c5 gxh3 17. cxd6 Rxg2+ 18. Kh1 Qg7 19. Qf3 Rg8 20. Qxh3 cxd6 21. Nxd6+ Kb8 22.
Nb5 Nxe4 23. Nf3 Rg4 24. Rg1 Rf8 25. Nh2 Rxg1+ 26. Rxg1 Qf6 27. Qxh5 Nd4 28. Qh7 Nxf2+ 29. Bxf2 Qxf2 30. Qc7+ Ka8 31. Qxe5 Ne2 32. Rf1 1-0

[Event "*** Titled Tuesday Blitz"]
[Site "Chess.com"]
[Date "2021.04.20"]
[Round "4"]
[White "mapleaff"]
[Black "biostatistician"]
[Result "0-1"]
[WhiteElo "2393"]
[BlackElo "2613"]
[TimeControl "180+1"]
[EndTime "10:37:48 PDT"]
[Termination "biostatistician won on time"]

1. e4 e6 2. d4 d5 3. Nd2 Nc6 4. Ngf3 Nf6 5. e5 Ne4 6. Bd3 Nxd2 7. Bxd2 Nb4 8. Bxb4 Bxb4+ 9. c3 Be7 10. O-O b6 11. a4 O-O 12. Qc2 h6 13. a5 Bd7 14. Qd2 c5 15. a6 Qe8 16. b3 Rc8 17. Bc2 Bb5 18.
Rfe1 cxd4 19. Nxd4 Bc5 20. Re3 Bxd4 21. Qxd4 Qe7 22. Rg3 Rc7 23. Qf4 Kh8 24. Rh3 f5 25.
exf6 Qxf6 26. Qe3 d4 27. Qe4 Qf5 28. Qxf5 exf5 29. c4 Bc6 30. Bd3 Be4 31. Rd1 Rd7 32. g4 fxg4 33. Rg3 Bf3 34. Re1 h5 35. h3 h4 36.
hxg4 hxg3 37. fxg3 Bxg4 38. Re4 Bf5 39. Rh4+ Kg8 40.
Bf1 d3 0-1

[Event "*** Titled Tuesday Blitz"]
[Site "Chess.com"]
[Date "2021.04.20"]
[Round "4"]
[White "OlegKrivonosov"]
[Black "The_filthy"]
[Result "1-0"]
[WhiteElo "2623"]
[BlackElo "2423"]
[TimeControl "180+1"]
[EndTime "10:37:48 PDT"]
[Termination "OlegKrivonosov won on time"]

1. Nf3 d5 2. d4 c6 3. c4 Nf6 4.
cxd5 cxd5 5. Nc3 Nc6 6. Bf4 e6 7. e3 Bb4 8. Bd3 O-O 9. O-O a6 10. Rc1 Bd6 11. Bg3 Bxg3 12. hxg3 Re8 13. a3 e5 14.
dxe5 Nxe5 15. Be2 Nc4 16. Qb3 b5 17. Rfd1 Be6 18. Nd4 Qb6 19. Bf3 Rad8 20. Nce2 Rc8 21. Qb4 Nd7 22. Nxe6 fxe6 23. b3 Nce5 24. Rxc8 Nxf3+ 25.
gxf3 Rxc8 26. Qe7 Nf8 27. Nd4 Rc7 28. Qd8 Rb7 29. Qxb6 Rxb6 30. f4 Nd7 31. Rc1 Nf6 32.
Rc7 Ne4 33. Kg2 h5 34. Re7 a5 35. f3 Nd2 36. Ra7 a4 37. bxa4 bxa4 38. Rxa4 Nc4 39.
e4 Rb2+ 40. Kh3 Ne3 41. Nxe6 Nf1 42. Kh4 1-0

[Event "*** Titled Tuesday Blitz"]
[Site "Chess.com"]
[Date "2021.04.20"]
[Round "4"]
[White "Taktikmonster"]
[Black "Diego_FloresQ"]
[Result "0-1"]
[WhiteElo "2417"]
[BlackElo "2610"]
[TimeControl "180+1"]
[EndTime "10:37:48 PDT"]
[Termination "Diego_FloresQ won on time"]

1. e4 c5 2. Nf3 e6 3. d4 cxd4 4. Nxd4 Nf6 5. Nc3 d6 6. g4 h6 7. f3 Nc6 8. Be3 a6 9. Qd2 d5 10. exd5 Nxd5 11. Nxd5 Qxd5 12. Nxc6 Qxc6 13. O-O-O Be7 14.
Bd3 O-O 15. Bxh6 Qxf3 16. Rdf1 Qh3 17. Bxg7 Kxg7 18. Qc3+ Kg8 19. Rhg1 Bg5+ 20. Kb1 Qh4 21. Rg3 Bd7 22. Be4 Rac8 23. Qf3 Bb5 24. Rh3 Bxf1 25. Rxh4 Bxh4 26. Qxf1 Rc7 27. Qh3 f5 28. Qxh4 fxe4 29. Qg5+ Rg7 30. Qc1 Rgf7 0-1

[Event "*** Titled Tuesday Blitz"]
[Site "Chess.com"]
[Date "2021.04.20"]
[Round "4"]
[White "NONmaster99"]
[Black "MaevskiyNikolay"]
[Result "0-1"]
[WhiteElo "2318"]
[BlackElo "2468"]
[TimeControl "180+1"]
[EndTime "10:37:49 PDT"]
[Termination "MaevskiyNikolay won by checkmate"]

1. c4 c6 2. e4 e5 3. Nc3 Bb4 4. Qg4 Nf6 5. Qxg7 Rg8 6. Qh6 Bxc3 7. dxc3 Rg6 8. Qe3 d6 9. g3 Na6 10. Bg2 Nc5 11. Nf3 Ncxe4 12. Nh4 Rg4 13. h3 Rxh4 14. gxh4 Bf5 15. Bd2 Nxd2 16. Qxd2 Qe7 17. O-O-O O-O-O 18. Rhe1 Be6 19. b3 Nd7 20. f4 exf4 21. Qxf4 Qf6 22.
Qxd6 Qxc3+ 23. Kb1 Bf5+ 24. Be4 Bxh3 25. Re2 Bg4 26.
Rc2 Qe3 27. Bxc6 Bxd1 28. Bxb7+ Kxb7 29. Qxd1 Qe4 30. Kb2 Qe5+ 31. Kb1 Qf5 32. Kb2 Qf6+ 33. Kb1 Nc5 34. Qh1+ Kb6 35. Re2 Qf5+ 36. Kb2 Nd3+ 37. Ka3 Qa5# 0-1

[Event "*** Titled Tuesday Blitz"]
[Site "Chess.com"]
[Date "2021.04.20"]
[Round "4"]
[White "pifion"]
[Black "RD4ever"]
[Result "0-1"]
[WhiteElo "2550"]
[BlackElo "2862"]
[TimeControl "180+1"]
[EndTime "10:37:50 PDT"]
[Termination "RD4ever won by checkmate"]

1. d4 Nf6 2. c4 c5 3. d5 g6 4. Nc3 Bg7 5. g3 O-O 6. Bg2 d6 7. Nf3 e6 8. O-O exd5 9. cxd5 Re8 10. Nd2 Nbd7 11. a4 a6 12. h3 Rb8 13. Nc4 Ne5 14. Na3 Nh5 15. e4 Bd7 16. a5 b5 17. axb6 Bb5 18. Naxb5 axb5 19. Nxb5 Qxb6 20. Na3 Qb3 21. g4 Nf6 22. Qxb3 Rxb3 23. Rd1 h5 24. g5 Nfd7 25.
f4 Nf3+ 26. Kf2 Bd4+ 27. Rxd4 Nxd4 28. Nc4 Reb8 29. Ra7 Nb6 30. Nxd6 Rd3 31. Nxf7 Rd1 32. Nh6+ Kh8 33. Be3 Nc4 34. Bxd4+ Rxd4 35. Kg3 Rxb2 36. f5 gxf5 37. Nxf5 Rd3+ 38. Kf4 Rf2+ 39. Bf3 Rfxf3# 0-1

[Event "*** Titled Tuesday Blitz"]
[Site "Chess.com"]
[Date "2021.04.20"]
[Round "4"]
[White "Koalaskakistis"]
[Black "Jumbo"]
[Result "1-0"]
[WhiteElo "2554"]
[BlackElo "2793"]
[TimeControl "180+1"]
[EndTime "10:37:50 PDT"]
[Termination "Koalaskakistis won by resignation"]

1. Nf3 d5 2. g3 g6 3. Bg2 Bg7 4. O-O e5 5. d3 Ne7 6. e4 O-O 7.
c3 Nbc6 8. b4 a6 9. a4 d4 10.
cxd4 Nxd4 11. Nxd4 Qxd4 12. Qb3 Rd8 13. Be3 Qxd3 14.
Nc3 Be6 15. Qb2 Nc6 16. Rfd1 Qc4 17. Nd5 Bxd5 18. exd5 Qxb4 19. Rab1 Qxb2 20. Rxb2 Na5 21.
Rc1 e4 22. Rbb1 Rxd5 23. Rxc7 f5 24. Bb6 Be5 25. Bxa5 Rxa5 26. Rcxb7 Rxa4 27. Bf1 Ra1 28. R1b3 Rc8 29. Kg2 Ra2 30. Rd7 Rcc2 31. Rbb7 Rxf2+ 32. Kg1 Rfd2 33. Bc4+ Kh8 34. Bxa2 1-0

[Event "*** Titled Tuesday Blitz"]
[Site "Chess.com"]
[Date "2021.04.20"]
[Round "4"]
[White "Varinius"]
[Black "GrigoriyM2001"]
[Result "1-0"]
[WhiteElo "2421"]
[BlackElo "2575"]
[TimeControl "180+1"]
[EndTime "10:37:51 PDT"]
[Termination "Varinius won by resignation"]

1. d4 Nf6 2. Nf3 e6 3. e3 c5 4. Bd3 b6 5. O-O Bb7 6. c4 cxd4 7. exd4 d5 8. Nc3 Be7 9. cxd5 Nxd5 10. Ne5 O-O 11.
Qg4 Nd7 12. Bh6 Bf6 13. Qe4 g6 14. Bxf8 Nxf8 15. Nxd5 Bxd5 16. Qf4 Rc8 17. Rac1 Rxc1 18. Rxc1 Nd7 19. Nxd7 Bg5 20. Qc7 Qe7 21. Ne5 Qf6 22. Re1 Bd2 23. Re2 Bf4 24. h3 h5 25. a4 h4 26. Qxa7 Bxe5 27. dxe5 Qg5 28. Qb8+ Kg7 29. f3 Bxf3 30. Rf2 Bxg2 31. Rxg2 Qe3+ 32. Rf2 Qg3+ 33. Rg2 Qe3+ 34. Kh2 Qf4+ 35. Kh1 Qc1+ 36. Rg1 Qe3 37. Bf1 1-0

[Event "*** Titled Tuesday Blitz"]
[Site "Chess.com"]
[Date "2021.04.20"]
[Round "4"]
[White "suneebaker"]
[Black "AsaHoffmann"]
[Result "0-1"]
[WhiteElo "2206"]
[BlackElo "2340"]
[TimeControl "180+1"]
[EndTime "10:37:51 PDT"]
[Termination "AsaHoffmann won on time"]

1. e4 d6 2. d4 Nf6 3. Nc3 c6 4. Be3 Ng4 5. Bg5 Qb6 6. Qd2 Qxb2 7. Rb1 Qa3 8. f3 Nf6 9. e5 Nfd7 10. Rb3 Qa5 11.
f4 d5 12. Nf3 Nb6 13. Bd3 Nc4 14. Qf2 b5 15. O-O h6 16. Bh4 Na6 17. f5 e6 18.
fxe6 Bxe6 19. Nd2 Qc7 20. a4 Nxd2 21. Qxd2 Nb4 22. axb5 Nxd3 23. Qxd3 c5 24. dxc5 Qxe5 25. Re1 Bxc5+ 26. Kh1 Qd4 27. Qxd4 Bxd4 28. Nxd5 O-O 29. c4 Bc5 30. Rf3 Rac8 31. Ne7+ Bxe7 32. Bxe7 Rfe8 33.
Bd6 Rxc4 34. Ra3 Rd8 35. Be5 Rd7 36. Ra6 Rc2 37. h3 Bd5 38. Rg1 Bc4 39. Rd6 Rxd6 40. Bxd6 Bxb5 41. Ra1 a6 42. Be5 f6 43. Bf4 Kf7 0-1

[Event "*** Titled Tuesday Blitz"]
[Site "Chess.com"]
[Date "2021.04.20"]
[Round "4"]
[White "VMikhalevski"]
[Black "KonstantinB_1983"]
[Result "1-0"]
[WhiteElo "2706"]
[BlackElo "2502"]
[TimeControl "180+1"]
[EndTime "10:37:52 PDT"]
[Termination "VMikhalevski won by resignation"]

1. d4 d5 2. c4 c6 3. cxd5 cxd5 4. Bg5 h6 5. Bh4 Qb6 6. Nc3 e6 7. Qd2 Nc6 8. e3 Be7 9. Nf3 Bxh4 10. Nxh4 Nf6 11. Bd3 O-O 12. O-O e5 13. dxe5 Nxe5 14. Be2 Be6 15. b3 Rfd8 16. Rfd1 Qd6 17. Nb5 Qd7 18. Nd4 Rac8 19. Rac1 Qd6 20. Nhf5 Bxf5 21. Nxf5 Qd7 22. Nd4 Qd6 23. Rxc8 Rxc8 24. Rc1 Qd7 25.
h3 Ne4 26. Qe1 a6 27. f3 Nf6 28. Rc3 Ne8 29. Qc1 Nd6 30. Rc5 Qe8 31. Kf2 Qd7 32. Qa3 Rxc5 33. Qxc5 Nc8 34. f4 Nc6 35.
Nxc6 bxc6 36. Bxa6 Nd6 37. Bd3 Nb7 38. Qb6 c5 39. Ba6 Nd6 40. Bd3 c4 41. Qb8+ Ne8 42. bxc4 dxc4 43. Bxc4 Qd2+ 44. Kf3 Qd1+ 45. Be2 Qd5+ 46.
e4 Qe6 47. Bb5 1-0

[Event "*** Titled Tuesday Blitz"]
[Site "Chess.com"]
[Date "2021.04.20"]
[Round "4"]
[White "Klavdia_Nik"]
[Black "AnnaChessLook"]
[Result "0-1"]
[WhiteElo "2047"]
[BlackElo "2267"]
[TimeControl "180+1"]
[EndTime "10:37:52 PDT"]
[Termination "AnnaChessLook won on time"]

1. Nf3 Nf6 2. c4 c5 3. d4 g6 4. Nc3 Bg7 5. e4 O-O 6. Be2 d6 7. O-O Bg4 8. h3 Bxf3 9. Bxf3 cxd4 10. Qxd4 Nc6 11. Qd1 Rc8 12. Be2 Qb6 13. Rb1 a5 14. b3 Qd4 15. Qxd4 Nxd4 16. Bd3 Nd7 17. Nd5 Rfe8 18.
Bb2 e6 19. Nc3 Nc5 20. Rfd1 Red8 21. Bf1 f5 22. exf5 gxf5 23. Ne2 Nxe2+ 24. Bxe2 Ne4 25.
Bxg7 Kxg7 26. Rbc1 Kf6 27. Bd3 Nc5 28. Be2 Ne4 29.
Bd3 Nc5 30. Bf1 Rc7 31. Rd2 Rcd7 32. Rcd1 Ne4 0-1

[Event "*** Titled Tuesday Blitz"]
[Site "Chess.com"]
[Date "2021.04.20"]
[Round "4"]
[White "emperor87"]
[Black "KuzubovYuriy"]
[Result "0-1"]
[WhiteElo "2692"]
[BlackElo "2858"]
[TimeControl "180+1"]
[EndTime "10:37:53 PDT"]
[Termination "KuzubovYuriy won by resignation"]

1. e4 c5 2. Nf3 Nc6 3. d4 cxd4 4. Nxd4 Nf6 5. Nc3 e5 6. Ndb5 d6 7. Nd5 Nxd5 8. exd5 Nb8 9. a4 Be7 10. Be2 O-O 11.
O-O Nd7 12. Be3 a6 13. Na3 b6 14. Nc4 f5 15. f4 exf4 16. Rxf4 a5 17. Qd2 Nc5 18.
Rff1 Ba6 19. Bxc5 bxc5 20. Na3 Bg5 21. Qd1 c4 22. Kh1 Rc8 23. Nb5 Bxb5 24. axb5 Qb6 25. Ra4 Qxb5 26. b3 g6 27. Bxc4 Qb6 28. Qe1 Ra8 29. Qe6+ Kh8 30. Re1 Bf6 31. Qe3 Qc7 32. Qe2 Be5 33. Bb5 g5 34. c4 Rab8 35. Ra2 g4 36. g3 f4 37. gxf4 Rxf4 38. Rf1 Qf7 39. Rxf4 Qxf4 40. Qf2 Qe4+ 0-1

[Event "*** Titled Tuesday Blitz"]
[Site "Chess.com"]
[Date "2021.04.20"]
[Round "4"]
[White "ehrenfeld"]
[Black "Grandelicious"]
[Result "0-1"]
[WhiteElo "2541"]
[BlackElo "2820"]
[TimeControl "180+1"]
[EndTime "10:37:53 PDT"]
[Termination "Grandelicious won by resignation"]

1. e4 c5 2. Nf3 e6 3. d3 Nc6 4. g3 d6 5. Bg2 Be7 6. O-O Nf6 7. c3 O-O 8. Re1 Ne5 9. d4 Nxf3+ 10. Qxf3 Qc7 11.
dxc5 Qxc5 12. Nd2 Rb8 13. Nb3 Qc7 14. Nd4 a6 15. a4 Nd7 16. Qe2 b6 17. h4 Bb7 18.
Bg5 Rbe8 19. Bxe7 Rxe7 20. Red1 Ne5 21. Nc2 f5 22. f4 Ng4 23. Bf3 Nf6 24. exf5 exf5 25.
Qg2 Bxf3 26. Qxf3 Qc5+ 27. Nd4 Rfe8 28. Qc6 g6 29. b4 Qxc6 30. Nxc6 Re3 31. Rxd6 Ng4 32.
Ne5 Rxg3+ 33. Kf1 Nxe5 34. fxe5 Rxe5 35. Re1 Rxe1+ 36. Kxe1 Rxc3 37. Rxb6 Rc4 38. a5 Rxh4 39. b5 axb5 40. a6 Ra4 0-1

[Event "*** Titled Tuesday Blitz"]
[Site "Chess.com"]
[Date "2021.04.20"]
[Round "4"]
[White "AthanasiusLefebvre"]
[Black "McCarthyStone"]
[Result "0-1"]
[WhiteElo "2029"]
[BlackElo "2371"]
[TimeControl "180+1"]
[EndTime "10:37:53 PDT"]
[Termination "McCarthyStone won by resignation"]

1. Nf3 d5 2. g3 Nc6 3. d3 e5 4. Bg2 f5 5. O-O Nf6 6. c4 dxc4 7. dxc4 Qxd1 8. Rxd1 Bc5 9. Nc3 e4 10. Ng5 O-O 11. Bf4 Ne8 12. Nd5 Bd6 13. Bxd6 cxd6 14.
f3 h6 15. Nh3 exf3 16. exf3 Be6 17. Nhf4 Bf7 18. Re1 g5 19. Ne6 Bxe6 20. Rxe6 Kg7 21.
Rae1 Rd8 22. f4 Nf6 23. Nxf6 Rxf6 24. Bxc6 bxc6 25. Re7+ Rf7 26. fxg5 hxg5 27. Kf2 d5 28. cxd5 cxd5 29. h4 gxh4 30. gxh4 d4 31. Rxf7+ Kxf7 32. Ke2 Rh8 33. Rh1 Ke6 34. Kd3 Ke5 35. h5 f4 36. h6 f3 37. h7 Kf4 38. Kxd4 Kg3 39. Ke5 Kg2 40. Rh6 f2 41. Rg6+ Kf3 42. Rf6+ Ke2 0-1

[Event "*** Titled Tuesday Blitz"]
[Site "Chess.com"]
[Date "2021.04.20"]
[Round "4"]
[White "GMRafpig"]
[Black "champ2005"]
[Result "1-0"]
[WhiteElo "2698"]
[BlackElo "2983"]
[TimeControl "180+1"]
[EndTime "10:37:54 PDT"]
[Termination "GMRafpig won by checkmate"]

1. c4 e5 2. Nc3 Nc6 3. g3 Bc5 4. Bg2 d6 5. Nf3 a6 6. O-O Ba7 7. d3 Nge7 8. Rb1 O-O 9. b4 Bd7 10. b5 axb5 11. cxb5 Nd4 12. e3 Ne6 13. d4 Ng6 14. dxe5 dxe5 15. a4 Re8 16. Ba3 Nef8 17. Qc2 Qc8 18. Rfd1 Bf5 19. Ne4 Ne6 20. Nf6+ gxf6 21.
Qxf5 Kg7 22. Nd2 Bb6 23. Ne4 Rxa4 24. Qxf6+ Kg8 25. Bb2 Nef8 26. Ng5 Re7 27. Bd5 Qe8 28. Bxb7 h6 29. Ne4 Re6 30. Qf5 Qxb5 31. Bd5 Re7 32.
Bxe5 Rb4 33. Nf6+ Kh8 34. Rxb4 Qxb4 35. Ng4+ Kh7 36. Bf6 Rd7 37. Qh5 c6 38. Qxh6+ Kg8 39.
Qg7# 1-0

[Event "*** Titled Tuesday Blitz"]
[Site "Chess.com"]
[Date "2021.04.20"]
[Round "4"]
[White "Salem-AR"]
[Black "GelmanAlexander"]
[Result "1-0"]
[WhiteElo "2954"]
[BlackElo "2582"]
[TimeControl "180+1"]
[EndTime "10:37:54 PDT"]
[Termination "Salem-AR won on time"]

1. d4 Nf6 2. c4 c5 3. d5 b5 4. cxb5 a6 5. bxa6 e6 6. Nc3 exd5 7. Nxd5 Nxa6 8. Nh3 Bb7 9. Nhf4 Bd6 10. e4 O-O 11.
Bc4 Nxe4 12. O-O Re8 13. Re1 Nc7 14. Qh5 Nxd5 15. Nxd5 Re5 16. Qd1 Qh4 17. g3 Nxg3 18.
hxg3 Qxc4 19. Nb6 Qd3 20. Bf4 Rxe1+ 21. Qxe1 Rb8 22. Bxd6 Qf3 23. Kf1 Ba6+ 24. Kg1 Bb7 25. Kf1 Qh1+ 26. Ke2 Re8+ 27. Kd2 Rxe1 28. Rxe1 1-0

[Event "*** Titled Tuesday Blitz"]
[Site "Chess.com"]
[Date "2021.04.20"]
[Round "4"]
[White "jacky72"]
[Black "davidkalashian"]
[Result "0-1"]
[WhiteElo "2712"]
[BlackElo "2525"]
[TimeControl "180+1"]
[EndTime "10:37:54 PDT"]
[Termination "davidkalashian won by checkmate"]

1. d4 Nf6 2. c4 e6 3. Nf3 b6 4. g3 Ba6 5. Qc2 Bb4+ 6. Bd2 Be7 7. Bg2 c6 8. O-O d5 9. b3 O-O 10. Ne5 Nfd7 11. Nf3 Nf6 12. Ne5 Nfd7 13. e4 Nxe5 14.
dxe5 dxc4 15. bxc4 Qd4 16. Bc3 Qxc4 17. Nd2 Qd3 18. Qb2 Qd8 19. Rfd1 Nd7 20. f4 Nc5 21. Nb3 Qc7 22. Nxc5 Bxc5+ 23. Kh1 Rad8 24. f5 Rxd1+ 25.
Rxd1 Rd8 26. Rc1 Be3 27. Re1 Bh6 28. fxe6 fxe6 29. Qb3 Qe7 30. Bh3 Bc8 31. Rf1 Kh8 32. Qc4 c5 33. a4 Rf8 34. Rxf8+ Qxf8 35. Kg2 Qe8 36. Bg4 Be3 37. h4 Qd7 38. h5 Bd4 39. h6 gxh6 40. Bd2 Bxe5 41. Bxh6 Bg7 42. Be3 Bd4 43.
Bf4 Qc6 44. Bf3 Bd7 45. Qa6 Qxa4 46. Qxa7 Qxa7 47. Bh5 Qa2+ 48. Kh3 e5+ 49. g4 exf4 50. Bf7 Qf2 51. Be6 Qg3# 0-1